Unix NetHack Version 5.0.0-0 post-release - last build Jun 10 2026 00:39:30 (3ee93aec679c4c4259841fe613dc97188e26a321,branch:main).

Game began 2026-06-21 23:28:31, ended 2026-06-21 23:55:19.

Drastanta, lawful male human Priest

 ----
 -.|.-----
  ....|..--         --        ---
    ......|         -.        |..
     |....------    ..        |..
     |...).....----  .-        ..
     |..[.).......|--.---      -.-- ---
     --..)....---.--....--     |..---.---
      |..)......|....%...| -----...|....|
      --.)......---.....-  |............---
       |....--.....-...- ---..--.....a@...|
       |....|---.-.....| |....|----...|...|
       --..-- |....---.---.--.|   |.(---.--
  ---   |..----.....||.....||.|   ----  --
--0.-- --....|......|---...||.|
|.%..0--........*..)-- |...||.|
|..............----..- --.--|.|
---....^.......|  --..| -----.--
  ---..--.------    ..|    |...|
    -------         ---    --.--
                            ---
Drastanta the Adept          St:14 Dx:11 Co:16 In:10 Wi:17 Ch:10  Lawful
Dlvl:7  $:130 HP:0(51) Pw:98(98) AC:-5 Xp:7 T:4062  Hungry  

Latest messages:
 The vampire bat misses!
 You miss the vampire bat.
 The vampire bat bites!
 The vampire bat misses!
 The vampire bat bites!
 The vampire bat bites again!
 You hit the vampire bat.
 The vampire bat bites!
 The vampire bat bites again!
 The vampire bat bites!
 The vampire bat misses!
 You kill the vampire bat!
 What do you want to eat? [eiprCN or ?*] ?
 You begin eating a partly eaten food ration.
 You stop eating the food ration.
 What do you want to remove? [BD or ?*] B
 You were wearing a blindfold.
 You can see again.
 You kill the leprechaun!
 $ - 130 gold pieces.
 You see here a leprechaun corpse.
 You see here a crocodile corpse.
 You see here an orange gem.
 You see here a leash.
 You see here a magenta spellbook.
 O - a magenta spellbook.
 What do you want to read? [ghnuxFO or ?*] O
 You feel threatened.
 You are beginning to feel hungry.
 The soldier ant misses!
 The soldier ant stings!
 The soldier ant bites!
 The soldier ant stings!
 The soldier ant bites!
 The soldier ant stings!
 The soldier ant bites!
 The soldier ant misses!
 The soldier ant bites!
 The soldier ant stings!
 The soldier ant bites!
 The soldier ant stings!
 The soldier ant misses!
 The soldier ant stings!
 The soldier ant bites!
 The soldier ant misses!
 The soldier ant just misses!
 The soldier ant stings!
 You die...
 Do you want your possessions identified? [ynq] (y) y
 Do you want to see your attributes? [ynq] (y) q

Inventory:
 Coins    ('$')
  $ - 130 gold pieces
 Weapons  (')')
  a - a blessed corroded +2 mace (weapon in right hand)
 Armor    ('[')
  z - a +0 dwarvish iron helm (being worn)
  A - a +0 pair of iron shoes (being worn)
  c - a +0 small shield (being worn)
  t - a +0 cloak of protection (being worn)
  I - a +0 dwarvish mithril-coat (being worn)
 Comestibles  ('%')
  e - a clove of garlic
  p - 2 food rations
  N - a partly eaten food ration
  r - a lembas wafer
  C - a tripe ration
  i - a cursed tripe ration
 Scrolls  ('?')
  F - 2 scrolls of blank paper
  u - a scroll of confuse monster
  x - a blessed scroll of taming
 Spellbooks  ('+')
  O - a spellbook of cancellation
  h - a spellbook of cure blindness
  g - a spellbook of detect monsters
  n - a spellbook of healing
 Potions  ('!')
  E - a blessed potion of see invisible
  d - 4 potions of holy water
 Rings    ('=')
  G - a cursed -2 ring of adornment
  D - a blessed +1 ring of protection (on right hand)
  H - a ring of shock resistance
 Wands    ('/')
  L - a blessed wand of striking (0:3)
 Tools    ('(')
  B - a blindfold
  K - a lock pick
  v - a tin whistle
  w - a tin whistle
 Gems/Stones  ('*')
  M - a worthless piece of violet glass

Drastanta the Priest's attributes:

Background:
 You were an Adept, a level 7 human Priest.
 You were lawful, on a mission for Tyr
 who was opposed by Odin (neutral) and Loki (chaotic).
 You were right-handed.
 You were in the Gnomish Mines, on level 7.
 You entered the dungeon 4062 turns ago.
 It was nighttime.
 You had 846 experience points, 434 more were needed to attain level 8.

Basics:
 You had 0 out of 51 hit points.
 You had all 98 energy points (spell power).
 Your armor class was -5.
 Your wallet contained 130 zorkmids.
 Autopickup was on for '$' plus thrown.

Final Characteristics:
 Your strength was 14 (limit:18/100).
 Your dexterity was 11 (limit:18).
 Your constitution was 16 (limit:18).
 Your intelligence was 10 (limit:18).
 Your wisdom was 17 (peak:18, limit:18).
 Your charisma was 10 (limit:18).

Final Status:
 You were hungry.
 You were unencumbered.
 You were wielding a mace.
 You were skilled in mace and could have enhanced that.

Final Attributes:
 You were piously aligned.
 You were telepathic.
 You had a small defense bonus (+1).
 You were protected.
 Your spell casting was impaired by metallic armor.
 Tyr was angry with you.
 You are dead.

Miscellaneous:
 You didn't encounter any bones levels.
 Total elapsed playing time was 26 minutes and 47 seconds.

Major events:
 Turn
    1: Drastanta the lawful human Priest entered the dungeon
  826: attained the rank of Acolyte (level 3)
 1423: entered the Gnomish Mines
 2027: reached Mine Town
 2146: attained the rank of Adept (level 6)
 4062: killed by a soldier ant, while reading a book

Spells:
 Name                 Level Category     Fail Retention
 healing                1   healing      100%  76%-100%
 detect monsters        1   divination   100%  76%-100%
 cure blindness         2   healing      100%  76%-100%

Skills:
 Fighting Skills
   bare handed combat [Unskilled]
 Weapon Skills
   club               [Unskilled]
   mace               [Skilled]
   morning star       [Unskilled]
   flail              [Unskilled]
   hammer             [Unskilled]
   quarterstaff       [Unskilled]
   polearms           [Unskilled]
   spear              [Unskilled]
   trident            [Unskilled]
   lance              [Unskilled]
   bow                [Unskilled]
   sling              [Unskilled]
   crossbow           [Unskilled]
   dart               [Unskilled]
   shuriken           [Unskilled]
   boomerang          [Unskilled]
   unicorn horn       [Unskilled]
 Spellcasting Skills
   healing spells     [Unskilled]
   divination spells  [Unskilled]
   clerical spells    [Basic]

Voluntary challenges:
 Character rerolling was not enabled.
 You never genocided any monsters.
 You never polymorphed an object.
 You never changed form.
 You used no wishes.
Achievements:
 You attained the rank of Acolyte.
 You entered a shop.
 You entered the Gnomish Mines.
 You entered Minetown.
 You attained the rank of Adept.
 You entered a temple.

 The Dungeons of Doom: levels 1 to 5
    Level 1:
       A fountain.
    Level 2:
       Some fountains, a grave.
    Level 3:
       A tool shop, a fountain.
       Stairs down to The Gnomish Mines.
    Level 4:
    Level 5:
 The Gnomish Mines: levels 4 to 7
    Level 4:
    Level 5:
    Level 6:
       Many shops, a temple and an altar, many fountains.
    Level 7: <- You were here.
       Final resting place for
          you, killed by a soldier ant, while reading a book.


Vanquished creatures:
  a human mummy
  a crocodile
  2 leprechauns
  a vampire bat
  a rope golem
  2 Woodland-elves
  a rock mole
  a pony
  a yellow light
  a shrieker
  6 gnome leaders
  2 gnomish wizards
  a paper golem
  a floating eye
  a kitten
  2 dwarves
  3 kobold leaders
  3 hill orcs
  9 rothes
  a giant bat
  2 dwarf zombies
  a wererat
 an acid blob
  a gas spore
  a hobbit
  a hobgoblin
  a giant rat
 32 gnomes
  5 garter snakes
  a gecko
  4 jackals
  3 foxes
  a kobold
  2 sewer rats
  5 grid bugs
  2 lichens
  7 newts
111 creatures vanquished.

No species were genocided or became extinct.

Game over:
                       ----------
                      /          \
                     /    REST    \
                    /      IN      \
                   /     PEACE      \
                  /                  \
                  |    Drastanta     |
                  |      130 Au      |
                  |   killed by a    |
                  |   soldier ant    |
                  |                  |
                  |                  |
                  |       2026       |
                 *|     *  *  *      | *
        _________)/\\_//(\/(/\)/\//\/|_)_______

Goodbye Drastanta the Priest...

You died in The Gnomish Mines on dungeon level 7 with 4115 points,
and 130 pieces of gold, after 4062 moves.
You were level 7 with a maximum of 51 hit points when you died.

